 Dungeon Crawl Stone Soup version 0.31.0-32-g396128a36d (webtiles) character file.

Game seed: 11211591666649869352

185 spaghetti the Slasher (level 5, -1/41 HPs)
             Began as a Demonspawn Chaos Knight on Apr 1, 2024.
             Was a Plaything of Xom.
             Slain by Duvessa
             ... wielding a +0 rapier
              (15 damage)
             ... on level 4 of the Dungeon.
             The game lasted 00:03:33 (2339 turns).

spaghetti the Slasher (Demonspawn Chaos Knight)     Turns: 2339, Time: 00:03:34

Health: -1/41      AC:  8    Str: 13    XL:     5   Next: 37%
Magic:  5/5        EV: 11    Int: 12    God:    Xom [*.....]
Gold:   147        SH:  0    Dex: 14    Spells: 4/4 levels left

rFire   + . .        a - +2 falchion (chaos)
rCold   . . .        (no shield)
rNeg    . . .        b - +2 leather armour
rPois   .            (helmet restricted)
rElec   .            (no cloak)
rCorr   .            i - +2 pair of gloves
SInv    .            (no boots)
Will    .....        (no amulet)
Stlth   +            k - ring of protection from fire
HPRegen 0.26/turn    (no ring)
MPRegen 0.09/turn

%: no passive effects
@: mighty, lit by a corona, glowing
A: antennae 1, foul stench 1
a: Renounce Religion


You were on level 4 of the Dungeon.
You worshipped Xom.
You were a special plaything of Xom.
You visited 1 branch of the dungeon, and saw 4 of its levels.

You collected 147 gold pieces.

Inventory:

Hand Weapons
 a - a +2 falchion of chaos (weapon)
Armour
 b - a +2 leather armour (worn)
 i - a +2 pair of gloves (worn)
Jewellery
 k - a ring of protection from fire (left hand)
Scrolls
 d - 2 scrolls of enchant armour
 e - a scroll of fear {unknown}
 j - a scroll of poison
 l - a scroll of identify
Potions
 c - 4 potions of curing
 f - a potion of degeneration
 g - a potion of heal wounds


   Skills:
 - Level 3.0 Fighting
 + Level 5.6 Long Blades
 - Level 1.7 Armour
 - Level 0.8 Dodging


You had 4 spell levels left.
You didn't know any spells.
Your spell library contained the following spells:

 Spells                   Type           Power      Damage    Failure   Level
 Foxfire                  Conj/Fire      0%         2x1d4     38%         1
 Lesser Beckoning         Tloc           0%         N/A       54%         2
 Gell's Gravitas          Tloc           0%         N/A       77%         3
 Teleport Other           Tloc           0%         N/A       77%         3
 Plasma Beam              Fire/Air       0%         2x1d10    100%        6
 Starburst                Conj/Fire      0%         6d3       100%        6


Dungeon Overview and Level Annotations

Branches:
Dungeon (4/15)
 Temple: D:4-7

Altars:

Shops:
D:1 =

Annotations:
D:4 Dowan, Duvessa


Innate Abilities, Weirdness & Mutations

You have a pair of small antennae on your head.
You may rarely emit foul miasma when damaged in melee.


Message History

The white imp is almost dead.
The goblin hits you but does no damage. Dowan hits you with a +0 dagger.
The white imp gestures at you. The puff of frost hits you!
You are too injured to fight recklessly!
You are too injured to fight recklessly!
You are too injured to fight recklessly!
You feel very mighty all of a sudden. The goblin barely misses you.
The white imp gestures at you. The puff of frost misses you.
You slash Duvessa!
Duvessa is moderately wounded.
The goblin hits you but does no damage.
Dowan casts a spell.
Dowan blinks!
The white imp barely misses you.
You slash Duvessa!
Duvessa blinks!
Duvessa is heavily wounded.
You are now a special plaything of Xom.
The goblin closely misses you. The white imp gestures at you.
The puff of frost hits you.
You hit the goblin.
You feel better.
You kill the goblin!
The white imp hits you. The white imp freezes you.
You closely miss the white imp.
The white imp is almost dead.
Dowan casts a spell at you. The puff of flame hits you. You resist.
The white imp gestures at you. The puff of frost hits you.
You slash Duvessa!
Duvessa flies into a frenzy!
Duvessa is severely wounded.
Duvessa barely misses Dowan.
The white imp closely misses you.
Duvessa hits Dowan with a +0 rapier!
You hit the white imp.
Lightning courses through the white imp!
You kill the white imp!
Duvessa hits you with a +0 rapier!
You die...

#..........
#''##..........
#~~#........... ##~~
#....#+#######
#~~~{#....#.......#
#~~~~#....'.......+
#~~##....#.#########
#~r#e...##.##...##..
.#..'##@e...#...#...'...
.'.....)....'...'...#...
.#######..[.#>###.####'#
.....###########..
.....#...# #....
.....#...#...#....
......#...#...#....
......#...#...#....
...#...#...#....


You could see Dowan, a rat and the neutral Duvessa (fast, strong, frenzied).

Vanquished Creatures
  A bombardier beetle (D:3)
  Robin (D:2)
  6 adders
  A white imp (D:4)
  An ufetubus (D:4)
  A ribbon worm (D:4)
  An orc (D:3)
  9 endoplasms
  3 giant cockroaches (D:2)
  9 goblins
  11 hobgoblins
  3 kobolds
  A quokka (D:3)
  12 ball pythons
  4 bats
  2 frilled lizards
  9 rats
75 creatures vanquished.

Vanquished Creatures (collateral kills)
  A goblin (D:2)
1 creature vanquished.

Vanquished Creatures (others)
  A goblin (D:2)
1 creature vanquished.

Grand Total: 77 creatures vanquished

Notes
Turn   | Place    | Note
-------+----------+-------------------------------------------
     0 | D:1      | spaghetti the Demonspawn Chaos Knight began the quest for
                  | the Orb.
     0 | D:1      | Reached XP level 1. HP: 18/18 MP: 1/1
     0 | D:1      | Found a faded altar of an unknown god.
   106 | D:1      | Reached skill level 3 in Long Blades
   323 | D:1      | Found Motu's Jewellery Shoppe.
   366 | D:1      | Gained mutation: You may rarely emit foul miasma when
                  | damaged in melee. [demonic ancestry]
   366 | D:1      | Reached XP level 2. HP: 24/24 MP: 2/2
   459 | D:1      | XOM: silly message
   558 | D:1      | XOM: smoke on damage
   709 | D:2      | XOM: silly message
   737 | D:2      | Noticed Robin
   754 | D:2      | Reached skill level 4 in Long Blades
   754 | D:2      | Gained mutation: You have a pair of small antennae on your
                  | head. [demonic ancestry]
   754 | D:2      | Reached XP level 3. HP: 29/29 MP: 3/3
  1192 | D:2      | Killed Robin
  1193 | D:2      | Reached XP level 4. HP: 26/35 MP: 4/4
  1788 | D:3      | XOM: god gift: scroll of poison
  1798 | D:3      | Reached skill level 5 in Long Blades
  2202 | D:3      | Reached XP level 5. HP: 38/41 MP: 5/5
  2323 | D:4      | Noticed Dowan
  2323 | D:4      | Noticed Duvessa
  2339 | D:4      | Slain by Duvessa

Illustrated notes

Levels and vault maps discovered:
D:1:      dpeg_arrival_tiny_j, layout_loops_ring, basic_ecumenical_altar,
          serial_shops, nicolae_shop_window_shopping, nicolae_the_louvre
D:2:      minmay_diamond_boxcup, layout_loops_cross, uniq_robin
D:3:      layout_basic, corexii_item_surrounded_by_moat
D:4:      layout_gridville, grunt_gozag_breadcrumbs, minmay_temple_entry_wispy,
          gup_sewer_entry_bowl, uniq_duvessa, uniq_edmund

Skill      XL: |  1  2  3  4 |
---------------+-------------+-----
Long Blades    | 3 4 5 |  5.6
Fighting       | |  3.0
Armour         | |  1.7
Dodging        | |  0.8

Action                     |  1- 3 |  4- 6 || total
---------------------------+-------+-------++-------
  Melee: Falchion          |   107 |    90 ||   197
         Punch             |     4 |       ||     4
    Use: Scroll            |     6 |     4 ||    10
         Potion            |     1 |     2 ||     3
   Stab: Sleeping          |     1 |     1 ||     2
         Confused          |       |     1 ||     1
 Armour: Leather armour    |    58 |    53 ||   111
  Dodge: Dodged            |    68 |    55 ||   123
